 Dungeon Sprint DCSS version 0.30.1-11-g7821555f0a (webtiles) character file.

Game seed: 18202861885862853870

91 Heoruswealwe the Poker (level 4, -7/44 HPs)
             Began as a Minotaur Fighter on Dec 15, 2023.
             Mangled by an ogre
             ... wielding a +0 giant club
              (26 damage)
             ... in the Dungeon (Sprint IX: "|||||||||||||||||||||||||||||").
             The game lasted 00:00:47 (26 turns).

Heoruswealwe the Poker (Minotaur Fighter)             Turns: 26, Time: 00:00:48

Health: -7/44      AC:  7    Str: 23    XL:     4   Next: 33%
Magic:  3/3        EV:  9    Int:  5    God:
Gold:   0          SH:  4    Dex:  9    Spells: 3/3 levels left

rFire   . . .        a - +0 trident
rCold   . . .        d - +0 buckler
rNeg    . . .        c - +0 scale mail
rPois   .            (helmet restricted)
rElec   .            (no cloak)
rCorr   .            (no gloves)
SInv    .            (no boots)
Will    .....        (no amulet) Stlth
                     (no ring)
HPRegen 0.27/turn    (no ring)
MPRegen 0.08/turn

%: no teleportation
@: no status effects
A: horns 2, retaliatory headbutt
a: no special abilities


You were in the Dungeon.
You visited 1 branch

Inventory:

Hand Weapons
 a - a +0 trident (weapon)
Armour
 c - a +0 scale mail (worn)
 d - a +0 buckler (worn)
Scrolls
 j - a scroll of blinking
Potions
 b - a potion of might
 e - a potion of curing
 f - a potion of heal wounds
 g - a potion of haste
 i - a potion of berserk rage


   Skills:
 + Level 6.2 Fighting
 * Level 7.6 Polearms
 + Level 6.3 Armour
 - Level 3.6 Shields


You had 3 spell levels left.
You didn't know any spells.
Your spell library was empty.

Dungeon Overview and Level Annotations

Branches:
Dungeon (1/1)

Altars:


Innate Abilities, Weirdness & Mutations

You have a pair of horns on your head.
You reflexively headbutt those who attack you in melee.


Message History

The hobgoblin hits you but does no damage.
You hit the hobgoblin.
The hobgoblin is severely wounded.
The hobgoblin hits you but does no damage.
You hit the hobgoblin.
You kill the hobgoblin!
You hit the frilled lizard.
You kill the frilled lizard!
Things that are here:
a hobgoblin corpse; a hobgoblin corpse You open the door.
A black bear, 2 ogres, a phantom and an adder come into view.
The black bear growls angrily.
The ogre shouts!
The adder hisses angrily.
You hit the black bear but do no damage.
The black bear barely misses you. x2; The black bear closely misses you.
You puncture the black bear! You headbutt the black bear!
The black bear is severely wounded.
The black bear goes berserk!
The black bear misses you. You furiously retaliate!
You headbutt the black bear!
You kill the black bear!
Your Fighting skill gained 2 levels and is now at level 6!
Your Polearms skill gained 4 levels and is now at level 7!
Your Armour skill gained 2 levels and is now at level 6!
You have reached level 2!
You have reached level 3!
Your experience leads to an increase in your attributes!
Increase (S)trength, (I)ntelligence, or (D)exterity?
You feel stronger. x2
You have reached level 4!
You feel stronger.
You barely miss the ogre.
The ogre hits you with a +0 giant club!!
Ouch! That really hurt!
You hit the ogre.
The ogre is moderately wounded.
You hit the ogre but do no damage.
The ogre is moderately wounded.
The ogre hits you with a +0 giant club!!
Ouch! That really hurt!
You die...

▓.▓
▓!▓
▓.▓
▓†▓
▓†▓
▓.▓
▓.▓
▓.▓
▓@▓
▓O▓
▓O▓
▓W▓
▓S▓
▓.▓
▓.▓
▓+▓


You could see 2 ogres, a phantom and an adder.

Vanquished Creatures
  A black bear (D)
  A bat (D)
  An endoplasm (D)
  2 hobgoblins (D)
  A frilled lizard (D)
6 creatures vanquished.

Notes
Turn   | Place    | Note
-------+----------+-------------------------------------------
     0 | D        | Heoruswealwe the Minotaur Fighter began the quest for the
                  | Orb.
     0 | D        | Reached XP level 1. HP: 19/19 MP: 0/0
     6 | D        | Reached skill level 3 in Polearms
    21 | D        | Noticed a black bear
    21 | D        | Noticed an ogre
    21 | D        | Noticed an ogre
    21 | D        | Noticed a phantom
    23 | D        | Killed a black bear
    24 | D        | Reached skill level 7 in Polearms
    24 | D        | Reached XP level 2. HP: 30/30 MP: 1/1
    24 | D        | Reached XP level 3. HP: 37/37 MP: 2/2
    24 | D        | Reached XP level 4. HP: 44/44 MP: 3/3
    26 | D        | Mangled by an ogre

Illustrated notes

Levels and vault maps discovered:
D:        linesprint [early_d, line_temple, items_1, d_10, items_2, lair_1,
          lair_end, items_3, orc_1, orc_end, items_4, d_15, swamp_1, shoals_1,
          snake_1, spider_1, d_20, vaults_1, items_5, swamp_end, shoals_end,
          snake_end, spider_end, vaults_end, d_27, items_6, zot_1, zot_end,
          crypt_end, forest_end, elf_end, slime_end, tomb_end, abyss_end,
          pan_hell_end]

Skill      XL: |  1 |
---------------+----+-----
Polearms       | 7 |  7.6
Fighting       | 6 |  6.2
Armour         | 6 |  6.3
Shields        | |  3.6

Action                     |  1- 3 |  4- 6 || total
---------------------------+-------+-------++-------
  Melee: Trident           |    12 |     3 ||    15
         Headbutt          |     2 |       ||     2
 Armour: Scale mail        |     3 |       ||     3
  Dodge: Dodged            |     7 |       ||     7
  Block: Buckler           |     1 |       ||     1
